 Dungeon Crawl Stone Soup version 0.29.0-4-gdea44cf6ec (webtiles) character file.

Game seed: 4453941937175527901

424 qw the Chopper (level 7, -5/54 HPs)
             Began as a Formicid Cinder Acolyte on Sept 4, 2022.
             Was an Elder of Ignis.
             Slain by an orc warrior
             ... wielding a +0 glaive
              (12 damage)
             ... on level 5 of the Dungeon.
             The game lasted 00:01:35 (5025 turns).

qw the Chopper (Formicid Cinder Acolyte)            Turns: 5025, Time: 00:01:36

Health: -5/54      AC: 17    Str: 21    XL:     7   Next: 17%
Magic:  8/8        EV:  7    Int: 13    God:    Ignis [****..]
Gold:   228        SH:  0    Dex:  9    Spells: 8/8 levels left

rFire   + . .      SeeInvis +   Y - -1 hand axe (flame)
rCold   . . .      Faith    .   (no shield)
rNeg    . . .      Spirit   .   b - +0 chain mail
rPois   .          Reflect  .   (helmet unavailable)
rElec   .          Harm     .   d - +1 cloak
rCorr   .          Rampage  .   (no gloves)
Will    +....                   (no boots)
Stlth   ..........              (no amulet)
HPRegen 0.18/turn               k - ring of willpower
MPRegen 0.11/turn               (no ring)

@: fiery-armoured
A: permanent stasis, dig shafts and tunnels, antennae 3, four strong arms
a: Dig, Shaft Self, Renounce Religion, Fiery Armour, Foxfire Swarm, Rising Flame


You were on level 5 of the Dungeon.
You worshipped Ignis.
Ignis was greatly pleased with you.
You visited 1 branch of the dungeon, and saw 5 of its levels.

You collected 228 gold pieces.


Innate Abilities, Weirdness & Mutations

You cannot be hasted, slowed, berserked, paralysed or teleported.
You can dig through walls and to a lower floor.
You have a pair of large antennae on your head. (SInv)
Your four strong arms can wield two-handed weapons with a shield.


   Skills:
 - Level 4.2 Fighting
 + Level 6.6 Axes
 - Level 2.0 Armour
 - Level 1.0 Dodging
 - Level 1.1 Spellcasting
 - Level 3.0 Fire Magic


You had 8 spell levels left.
You didn't know any spells.
Your spell library contained the following spells:

 Spells                   Type           Power      Damage    Failure   Level
 Scorch                   Fire           16%        2d5       77%         2

Inventory:

Hand Weapons
 Y - a -1 hand axe of flaming (weapon)
Missiles
 g - 2 boomerangs (quivered)
Armour
 b - a +0 chain mail (worn)
 d - a +1 cloak (worn)
Jewellery
 k - a ring of willpower (left hand)
Scrolls
 i - a scroll of identify
Potions
 c - 6 potions of curing
 l - a potion of flight {unknown}

Dungeon Overview and Level Annotations

Branches:
Dungeon (5/15)             Temple (0/1) D:4

Altars:
Fedhas
Nemelex Xobeh
Qazlal
Yredelemnul

Shops:
D:3 (


Message History

A protective cloak of flame settles atop you.
The orc warrior hits you with a +0 glaive!
The orc warrior is burned by your cloak of flames.
The orc warrior is moderately wounded.
You hit the orc warrior but do no damage.
The orc warrior is moderately wounded.
The orc warrior hits you with a +0 glaive!
The orc warrior is burned by your cloak of flames.
The orc warrior is moderately wounded.
You hit the orc warrior but do no damage.
The orc warrior is moderately wounded.
The orc warrior hits you but does no damage.
The orc warrior is burned by your cloak of flames.
The orc warrior is heavily wounded.
You barely miss the orc warrior.
The orc warrior is heavily wounded.
The orc warrior barely misses you.
You hit the orc warrior but do no damage.
The orc warrior is heavily wounded.
The orc warrior barely misses you.
You hit the orc warrior but do no damage.
The orc warrior is heavily wounded.
The orc warrior hits you with a +0 glaive.
You hit the orc warrior but do no damage.
The orc warrior is heavily wounded.
The orc warrior closely misses you.
You closely miss the orc warrior.
The orc warrior is heavily wounded.
The orc warrior hits you but does no damage.
The orc warrior is burned by your cloak of flames.
The orc warrior is heavily wounded.
You hit the orc warrior but do no damage.
The orc warrior is heavily wounded.
The orc warrior hits you with a +0 glaive.
The orc warrior is burned by your cloak of flames.
The orc warrior is severely wounded.
You hit the orc warrior. You burn the orc warrior.
The orc warrior is almost dead.
The orc warrior hits you with a +0 glaive!
You die...

.>.....###.#
..####.#...# #.#
#.#.####### #.#
#.#.......# #.#
#.#######.#
#.####......##.####
#.##.######.##....#
#.##.######.#####.#
#.##........# #.@)#
..##.######## #o###
####.# #. .....# #.
###### #. #. #. ..


You could see an orc warrior.

Vanquished Creatures
  A phantom (D:4)
  A scorpion (D:4)
  2 orc priests
  3 orc wizards (D:4)
  5 adders
  3 worms
  2 dart slugs
  14 orcs
  9 endoplasms
  3 giant cockroaches
  4 goblins
  8 hobgoblins
  6 jackals
  4 kobolds
  2 quokkas (D:4)
  5 ball pythons
  5 bats
  11 frilled lizards
  8 rats
96 creatures vanquished.

Vanquished Creatures (others)
  4 plants (D:1)
4 creatures vanquished.

Grand Total: 100 creatures vanquished

Notes
Turn   | Place    | Note
-------+----------+-------------------------------------------
     0 | D:1      | qw the Formicid Cinder Acolyte began the quest for the Orb.
     0 | D:1      | Reached XP level 1. HP: 18/18 MP: 2/2
     0 | D:1      | 0 ||| qw: Version: 0.1-a-103-gd6f5d3a
     0 | D:1      | 0 ||| qw: Game counter: 5494
     0 | D:1      | 0 ||| qw: Always use a shield: true
     0 | D:1      | 0 ||| qw: God list: Okawaru
     0 | D:1      | 0 ||| qw: Allow faded altars: false
     0 | D:1      | 0 ||| qw: Do Orc after D:15 true
     0 | D:1      | 0 ||| qw: Do second Lair branch before Depths: true
     0 | D:1      | 0 ||| qw: Lair rune preference: random
     0 | D:1      | 0 ||| qw: Plans: Normal
     0 | D:1      | 0 ||| PLANNING D:1-11
   611 | D:1      | Reached XP level 2. HP: 24/24 MP: 3/3
   711 | D:1      | 711 ||| Stepping ~*~*~tactically~*~*~ (stealth).
   715 | D:1      | 715 ||| Stepping ~*~*~tactically~*~*~ (stealth).
   717 | D:1      | 717 ||| Stepping ~*~*~tactically~*~*~ (stealth).
  1105 | D:1      | Found a faded altar of an unknown god.
  1113 | D:1      | 1113 ||| READING scroll labelled PIHOCI IQAGE.
  1214 | D:1      | 1214 ||| DRINKING 2 smoky ruby potions.
  1247 | D:2      | Found a blossoming altar of Fedhas.
  1328 | D:2      | Reached skill level 4 in Axes
  1328 | D:2      | Reached XP level 3. HP: 16/29 MP: 4/4
  1330 | D:2      | 1330 ||| INVOKING Fiery Armour.
  1330 | D:2      | HP: 6/29 [orc/+0 short sword (3)]
  1338 | D:2      | HP: 2/29 [worm (5)]
  1674 | D:2      | Reached skill level 1 in Dodging
  2415 | D:2      | 2415 ||| UPGRADING to +1 cloak.
  2427 | D:2      | 2427 ||| UPGRADING to +0 leather armour.
  2437 | D:2      | 2437 ||| DROPPING +0 robe.
  2623 | D:2      | 2623 ||| UPGRADING to +0 chain mail.
  2633 | D:2      | 2633 ||| DROPPING +0 leather armour.
  2896 | D:2      | Reached XP level 4. HP: 32/35 MP: 5/5
  2983 | D:2      | 2983 ||| UPGRADING to ring of willpower.
  2984 | D:2      | 2984 ||| READING scroll labelled YKKOTA JAUNUE.
  2985 | D:2      | 2985 ||| READING 2 scrolls labelled WEENAV ADGHEHI.
  2986 | D:2      | 2986 ||| READING scroll labelled HAITWY QAOJIJI.
  2987 | D:2      | 2987 ||| DRINKING 2 clear potions.
  3004 | D:3      | 3004 ||| Stepping ~*~*~tactically~*~*~ (stealth).
  3016 | D:3      | Reached skill level 1 in Armour
  3016 | D:3      | 3016 ||| INVOKING Fiery Armour.
  3018 | D:3      | HP: 7/35 [orc priest/+0 flail (6)]
  3019 | D:3      | 3019 ||| DRINKING potion of heal wounds.
  3306 | D:3      | Reached XP level 5. HP: 41/41 MP: 6/6
  3337 | D:3      | 3337 ||| Stepping ~*~*~tactically~*~*~ (stealth).
  3383 | D:3      | Found Zussum's Weapon Boutique.
  3392 | D:3      | 3392 ||| SHOPLISTING +2 hand axe of freezing (243 gold,
                  | have 106).
  3405 | D:3      | Reached skill level 5 in Axes
  3456 | D:3      | Found a sparkling altar of Nemelex Xobeh.
  4051 | D:3      | 4051 ||| READING scroll labelled FIAHISHRAPP.
  4052 | D:3      | 4052 ||| READING scroll labelled VOSHICAISK.
  4053 | D:3      | 4053 ||| DRINKING 3 white potions.
  4054 | D:3      | 4054 ||| READING 3 scrolls of identify.
  4054 | D:3      | 4054 ||| IDENTIFYING glowing emerald potion
  4055 | D:3      | 4055 ||| READING 2 scrolls of identify.
  4055 | D:3      | 4055 ||| IDENTIFYING fuming green potion
  4056 | D:3      | 4056 ||| DROPPING 2 potions of attraction.
  4057 | D:3      | 4057 ||| DROPPING potion of degeneration.
  4058 | D:3      | 4058 ||| DROPPING potion of berserk rage.
  4067 | D:4      | 4067 ||| STAIRDANCE
  4086 | D:4      | 4086 ||| STAIRDANCE
  4198 | D:4      | Found a basalt altar of Yredelemnul.
  4233 | D:4      | Reached XP level 6. HP: 44/47 MP: 7/7
  4310 | D:4      | 4310 ||| Stepping ~*~*~tactically~*~*~ (stealth).
  4320 | D:4      | 4320 ||| Stepping ~*~*~tactically~*~*~ (stealth).
  4334 | D:4      | 4334 ||| Stepping ~*~*~tactically~*~*~ (stealth).
  4337 | D:4      | 4337 ||| Stepping ~*~*~tactically~*~*~ (hiding).
  4347 | D:4      | Reached skill level 6 in Axes
  4368 | D:4      | 4368 ||| Stepping ~*~*~tactically~*~*~ (stealth).
  4381 | D:4      | 4381 ||| Stepping ~*~*~tactically~*~*~ (stealth).
  4385 | D:4      | Found a staircase to the Ecumenical Temple.
  4459 | D:4      | 4459 ||| Stepping ~*~*~tactically~*~*~ (stealth).
  4461 | D:4      | 4461 ||| Stepping ~*~*~tactically~*~*~ (stealth).
  4494 | D:4      | 4494 ||| Stepping ~*~*~tactically~*~*~ (stealth).
  4606 | D:4      | 4606 ||| Stepping ~*~*~tactically~*~*~ (hiding).
  4607 | D:4      | 4607 ||| Stepping ~*~*~tactically~*~*~ (hiding).
  4610 | D:4      | 4610 ||| INVOKING Fiery Armour.
  4618 | D:4      | Reached XP level 7. HP: 36/54 MP: 8/8
  4719 | D:4      | Found a stormy altar of Qazlal.
  4871 | D:4      | 4871 ||| READING 3 scrolls labelled CEYN UQUGEGGI.
  4872 | D:4      | 4872 ||| READING scroll labelled ETRYJ INOCWORCH.
  4873 | D:4      | 4873 ||| DRINKING 2 blue potions.
  4874 | D:4      | 4874 ||| READING 2 scrolls of identify.
  4874 | D:4      | 4874 ||| IDENTIFYING green potion
  4875 | D:4      | 4875 ||| DROPPING 2 scrolls of summoning.
  4876 | D:4      | 4876 ||| DROPPING potion of brilliance.
  4877 | D:4      | 4877 ||| DROPPING potion of ambrosia.
  4907 | D:5      | Entered Level 5 of the Dungeon
  4999 | D:5      | 4999 ||| Stepping ~*~*~tactically~*~*~ (stealth).
  5001 | D:5      | 5001 ||| Stepping ~*~*~tactically~*~*~ (stealth).
  5003 | D:5      | 5003 ||| Stepping ~*~*~tactically~*~*~ (hiding).
  5016 | D:5      | 5016 ||| INVOKING Fiery Armour.
  5017 | D:5      | HP: 11/54 [orc warrior/+0 glaive (8)]
  5024 | D:5      | HP: 6/54 [orc warrior/+0 glaive (4)]
  5025 | D:5      | Slain by an orc warrior

Levels and vault maps discovered:
D:1:      sevenhm_arrival_forest_fort_large_2, layout_basic,
          shapermc_ecumenical_altar_flowoftime, minmay_lizard_king
D:2:      layout_loops_ring, basic_altar, serial_co_window_serial,
          co_window_cross_1, co_window_paths_a, co_window_paths_b,
          co_window_of_opportunity_a, co_window_corner_a, co_window_paths_a,
          co_window_paths_b, co_window_unsneaky_path_a,
          co_window_unsneaky_path_e, co_window_corner_b, co_window_corner_b,
          co_window_corner_cb, co_window_sun, co_window_4corner_b,
          glass_columns_c, glass_columns_c, glass_columns_b, glass_columns_b
D:3:      layout_loops_corners, mainiacjoe_overflow_small_starburst,
          serial_shops, nicolae_diamond_shop, kennysheep_donut,
          columned_hall_lemuel
D:4:      layout_cave_pools, mainiacjoe_overflow_24_doors,
          nicolae_qazlal_eye_of_the_storm, minmay_temple_entry_overgrown
D:5:      layout_basic, kennysheep_mini, gammafunk_ghost_abyssal_escape,
          uniq_grinder

Skill      XL: |  1  2  3  4  5  6 |
---------------+-------------------+-----
Axes           | 4 5 6 |  6.6
Dodging        | 1 |  1.0
Armour         | 1 2 |  2.0
Fighting       | 4 |  4.2
Spellcasting   | |  1.1
Fire Magic     | |  3.0

Action                   |  1- 3 |  4- 6 |  7- 9 || total
-------------------------+-------+-------+-------++-------
Melee: Hand axe          |   119 |   171 |    24 ||   314
       Punch             |     1 |     3 |       ||     4
Throw: Boomerang         |       |     7 |       ||     7
Invok: Fiery Armour      |     1 |     2 |     1 ||     4
  Use: Scroll            |     1 |     7 |     3 ||    11
       Potion            |     1 |     3 |     1 ||     5
Armor: Robe              |    20 |       |       ||    20
       Chain mail        |       |    90 |     6 ||    96
Dodge: Dodged            |    54 |    73 |     7 ||   134

Table legend:
 A = Non-vault XP
 B = Vault XP
 C = Vault XP percentage of total XP
 D = Non-vault monster count
 E = Vault monster count
 F = Vault count percentage of total count
                 A         B        C        D         E       F
            +---------+---------+-------+---------+---------+-------
      Total |     597 |       9 |   1.5 |      87 |       9 |   9.4
            +---------+---------+-------+---------+---------+-------
        D:1 |      15 |       9 |  37.5 |      10 |       9 |  47.4
        D:2 |      46 |       0 |   0.0 |      22 |       0 |   0.0
        D:3 |     122 |       0 |   0.0 |      27 |       0 |   0.0
        D:4 |     405 |       0 |   0.0 |      25 |       0 |   0.0
        D:5 |       9 |       0 |   0.0 |       3 |       0 |   0.0
            +---------+---------+-------+---------+---------+-------
